 Dungeon Crawl Stone Soup version 0.22.1-1-ga44c0e5 (webtiles) character file.

9189 Zebedee the Grappler (level 11, -4/105 HPs)
             Began as a Troll Monk on Oct 2, 2018.
             Was a Follower of Ru.
             Slain by a hornet (13 damage)
             ... on level 11 of the Dungeon.
             The game lasted 00:27:35 (11142 turns).

Zebedee the Grappler (Troll Monk)                  Turns: 11142, Time: 00:27:36

Health: -4/105     AC:  5    Str: 24    XL:     11   Next: 19%
Magic:  16/16      EV: 10    Int:  6    God:    Ru [*.....]
Gold:   559        SH:  0    Dex: 12    Spells: 17/18 levels left

rFire    . . .     SeeInvis +     - Unarmed
rCold    + . .     Gourm    +   (no shield)
rNeg     . . .     Faith    .   a - +0 robe
rPois    .         Spirit   .   (helmet restricted)
rElec    .         Reflect  .   (no cloak)
rCorr    .         Harm     .   (gloves unavailable)
MR       .....                  (boots unavailable)
Stlth    ++........             (no amulet)
HPRegen  0.67/turn              J - ring of see invisible
MPRegen  0.15/turn              I - ring of protection from cold

@: lethally poisoned (-4 -> -5), slowed, very slow
A: large, unfitting armour, claws 3, fast metabolism 3, gourmand, regeneration
1, shaggy fur 1, tough skin 2, hated by all
a: Renounce Religion


You were on level 11 of the Dungeon.
You worshipped Ru.
Ru was aware of your devotion.
You were not hungry.

You visited 3 branches of the dungeon, and saw 13 of its levels.

You collected 611 gold pieces.
You spent 52 gold pieces at shops.

Inventory:

Hand Weapons
 n - a +0 trident of protection
 C - a +0 war axe of flaming
Missiles
 g - 274 stones (quivered)
 A - 18 poisoned needles
 E - 6 needles of confusion
Armour
 a - a +0 robe (worn)
 p - a +0 large shield
Jewellery
 j - an uncursed ring of fire
 k - a +2 ring of intelligence
 x - an uncursed ring of magical power
 I - a ring of protection from cold (right claw)
 J - a ring of see invisible (left claw)
Wands
 f - a wand of paralysis (14)
 w - a wand of iceblast (16)
 y - a wand of disintegration (18)
 B - a wand of acid (25)
Scrolls
 d - 2 scrolls of identify
 i - a scroll of enchant armour {unknown}
 l - 2 scrolls of teleportation
 m - 2 scrolls of amnesia
 q - 6 scrolls of remove curse
 r - a scroll of random uselessness {unknown}
 s - 2 scrolls of magic mapping
 u - a scroll of noise {unknown}
 z - a scroll of immolation {unknown}
 F - a scroll of fear {unknown}
Potions
 c - a potion of might
 e - 2 potions of curing
 h - 5 potions of haste
 o - 2 potions of resistance
 t - a potion of berserk rage
 v - 2 potions of flight
 H - a potion of agility
Miscellaneous
 D - a phial of floods
 G - a lightning rod (4/4)
Comestibles
 b - 9 rations


   Skills:
 + Level 6.2 Fighting
 - Level 2.4 Dodging
 - Level 1.0 Stealth
 + Level 12.8 Unarmed Combat
 * Level 4.2 Spellcasting
 * Level 4.6 Hexes
 + Level 1.0 Evocations


You had 17 spell levels left.
You knew the following spells:

 Your Spells              Type           Power        Failure   Level  Hunger
a - Confusing Touch       Hex            #.....       4%          1    ##.....

Your spell library contained the following spells:

 Spells                   Type           Power        Failure   Level  Hunger
 Corona                   Hex            #......      4%          1    ##.....
 Slow                     Hex            #.......     8%          2    ###....
 Confuse                  Hex            #.......     14%         3    ####...
 Tukima's Dance           Hex            #.......     14%         3    ####...
 Ensorcelled Hibernation  Hex/Ice        #.....       19%         2    ###....
 Magic Dart               Conj           #...         32%         1    ##.....
 Dazzling Spray           Conj/Hex       #.....       36%         3    ####...
 Blink                    Tloc           N/A          45%         2    ###....
 Conjure Flame            Conj/Fire      #.......     69%         3    ####...
 Gell's Gravitas          Tloc           #.........   69%         3    ####...
 Mephitic Cloud           Conj/Pois/Air  #.......     69%         3    ####...
 Petrify                  Tmut/Erth      #.......     97%         4    #####..
 Metabolic Englaciation   Hex/Ice        #.........   98%         5    ######.
 Yara's Violent Unravell  Hex/Tmut       #.........   98%         5    ######.
 Call Imp                 Summ           Unusable     N/A         2    N/A

Dungeon Overview and Level Annotations

Branches:
Dungeon (11/15)            Temple (1/1) D:5            Lair (1/6) D:8
    Orc (0/2) D:10

Altars:
Ashenzari
Cheibriados
Dithmenos
Elyvilon
Fedhas
Gozag
Hepliaklqana
Kikubaaqudgha
Makhleb
Nemelex Xobeh
Okawaru
Qazlal
Ru
Sif Muna
Trog
Uskayaw
Vehumet
Wu Jian
Xom
Yredelemnul
Zin
The Shining One

Shops:
D:5 *

Annotations:
D:4 1 runed door
D:10 2 runed doors, exclusion: orange crystal statue


Innate Abilities, Weirdness & Mutations

You are too large for most types of armour.
You have claws for hands.
Your metabolism is lightning-fast.
You like to eat raw meat.
Your natural rate of healing is unusually fast.
You are covered in fur. (AC +1)
You have very tough skin. (AC +2)
You are hated by all.


Message History

You mangle the orc warrior!!
You kill the orc warrior!
Your Evocations skill increases to level 1!
You feel sick.
The orc closely misses you. x2; The hornet barely misses you.
The worker ant bites you.
* * * LOW HITPOINT WARNING * * *
You are more poisoned.
The worker ant poisons you! The orc hits you with a dagger.
* * * LOW HITPOINT WARNING * * *
You feel better. The hornet stings you!
* * * LOW HITPOINT WARNING * * *
You feel as though you will be slow longer.
The orc hits you but does no damage. The hornet stings you!
* * * LOW HITPOINT WARNING * * *
You are poisoned.
You feel as though you will be slow longer.
You redirect the worker ant's attack!
The worker ant bites itself but does no damage.
The orc hits you but does no damage. x2; The hornet stings you!
You die...

#..........#
#..........#
#..........#
#......[...#
#..#######.#
#..#######.####
#..............
#......oo......
#......@a......
#.[#...)y......
#..#...........
#..#...........
#..#...........
#..............
#############


You could see a hornet, a worker ant and 2 orcs.

Vanquished Creatures
  A two-headed ogre (D:9)
  An unseen horror (D:10)
  A gargoyle (D:10)
  Psyche (D:8)
  Prince Ribbit (D:7)
  A hippogriff (D:9)
  6 yaks (D:10)
  A wyvern (D:8)
  2 hungry ghosts
  A warg (D:10)
  Menkaure (D:7)
  A water moccasin (D:10)
  5 orc warriors
  A sky beast (D:8)
  2 ice beasts
  2 black bears
  2 necrophages
  11 ogres
  5 phantoms
  3 centaurs
  6 bullfrogs
  A wyvern zombie (D:9)
  2 scorpions
  13 killer bees
  3 howler monkeys
  A centaur zombie (D:8)
  2 jellies
  A bullfrog zombie (D:5)
  3 crimson imps
  5 hounds
  8 orc wizards
  3 orc priests
  4 bullfrog skeletons
  A centaur skeleton (D:9)
  5 iguanas
  6 worker ants
  A killer bee zombie (D:5)
  A hound zombie (D:10)
  2 hound skeletons
  A howler monkey zombie (D:10)
  18 adders
  2 shadow imps (D:10)
  2 oozes
  2 adder skeletons
  An adder zombie (D:5)
  3 worms
  The ghost of dscm the Scratcher, a weakling FeTm (D:4)
  5 leopard geckos
  45 orcs
  9 giant cockroaches
  8 goblins
  6 hobgoblins
  23 jackals
  8 quokkas
  4 ball pythons
  7 bats
  10 frilled lizards
  A giant cockroach zombie (D:5)
  5 kobolds
  A leopard gecko zombie (D:10)
  11 rats
290 creatures vanquished.

Notes
Turn   | Place    | Note
-------+----------+-------------------------------------------
     0 | D:1      | Zebedee the Troll Monk began the quest for the Orb.
     0 | D:1      | Reached XP level 1. HP: 22/22 MP: 0/0
   105 | D:1      | Reached XP level 2. HP: 23/29 MP: 1/1
   564 | D:1      | Reached XP level 3. HP: 36/36 MP: 2/2
  1045 | D:2      | Reached skill level 4 in Unarmed Combat
  1161 | D:2      | Reached XP level 4. HP: 36/45 MP: 3/3
  1680 | D:3      | Found an opulent altar of Gozag.
  1722 | D:3      | Noticed a phantom
  1725 | D:3      | Learned a level 1 spell: Confusing Touch
  1730 | D:3      | Killed a phantom
  1730 | D:3      | Reached skill level 5 in Unarmed Combat
  1730 | D:3      | Reached XP level 5. HP: 53/53 MP: 4/4
  2306 | D:4      | Noticed a black bear
  2312 | D:4      | Killed a black bear
  2312 | D:4      | Reached skill level 1 in Hexes
  2312 | D:4      | Reached XP level 6. HP: 50/61 MP: 5/5
  2401 | D:4      | Found a runed door.
  2402 | D:4      | Reached skill level 6 in Unarmed Combat
  2424 | D:4      | Noticed dscm's ghost (weakling FeTm)
  2459 | D:4      | Found a runed door.
  2493 | D:4      | You fall through a shaft for 3 floors!
  2562 | D:7      | Reached skill level 1 in Spellcasting
  2571 | D:7      | Reached XP level 7. HP: 50/67 MP: 7/7
  2607 | D:7      | Reached skill level 7 in Unarmed Combat
  2722 | D:5      | Entered Level 5 of the Dungeon
  2996 | D:4      | HP: 2/68 [ogre/giant club (17)]
  3331 | D:4      | Reached XP level 8. HP: 45/78 MP: 9/9
  3559 | D:4      | Reached skill level 8 in Unarmed Combat
  3682 | D:4      | Killed dscm's ghost
  3996 | D:5      | Found Esasog's General Store.
  4014 | D:5      | Bought a scroll of magic mapping for 52 gold pieces
  4103 | D:5      | Found a staircase to the Ecumenical Temple.
  4110 | D:5      | Found a sparkling altar of Nemelex Xobeh.
  4206 | Temple   | Entered the Ecumenical Temple
  4273 | Temple   | Became a worshipper of Ru the Awakened
  4285 | D:5      | Gained mutation: You are hated by all. [Ru sacrifice]
  4285 | D:5      | Reached * piety under Ru
  4570 | D:6      | Reached skill level 9 in Unarmed Combat
  4582 | D:6      | Found a bloodstained altar of Trog.
  5319 | D:6      | Reached XP level 9. HP: 44/84 MP: 11/11
  5545 | D:7      | Noticed Menkaure
  5566 | D:7      | Killed Menkaure
  5737 | D:7      | Noticed Prince Ribbit
  5745 | D:7      | Killed Prince Ribbit
  5745 | D:7      | Reached skill level 10 in Unarmed Combat
  5772 | D:7      | Found a radiant altar of Vehumet.
  5789 | D:7      | Found a basalt altar of Yredelemnul.
  5789 | D:7      | Found a hazy altar of Hepliaklqana.
  5794 | D:7      | Found a white marble altar of Elyvilon.
  5917 | D:7      | You fall through a shaft for 2 floors!
  6065 | D:9      | Noticed a two-headed ogre
  6072 | D:9      | Killed a two-headed ogre
  6332 | D:8      | Found a staircase to the Lair.
  6339 | Lair:1   | Entered Level 1 of the Lair of Beasts
  6403 | Lair:1   | Noticed a spiny frog
  6415 | D:8      | Reached skill level 5 in Fighting
  6415 | D:8      | Reached skill level 11 in Unarmed Combat
  6459 | D:8      | Found a snail-covered altar of Cheibriados.
  6565 | D:8      | Found a shadowy altar of Dithmenos.
  6713 | D:7      | Reached XP level 10. HP: 83/96 MP: 13/13
  7298 | D:8      | Noticed Psyche
  7306 | D:8      | Killed Psyche
  8213 | D:8      | HP: 4/96 [poisoned by a killer bee]
  9008 | D:10     | Entered Level 10 of the Dungeon
  9011 | D:10     | Reached skill level 12 in Unarmed Combat
  9045 | D:10     | Found a staircase to the Orcish Mines.
  9143 | D:10     | Found a runed door.
  9196 | D:10     | Noticed an orange crystal statue
  9203 | D:10     | Found the +10 large shield of Ignorance {rN+ Int-4}
  9213 | D:10     | Found a runed door.
 10081 | D:10     | Reached XP level 11. HP: 82/105 MP: 16/16
 10088 | D:10     | Killed an unseen horror
 11137 | D:11     | Paralysed by a hornet for 3 turns
 11141 | D:11     | Reached skill level 1 in Evocations
 11142 | D:11     | Slain by a hornet

Skill      XL: |  1  2  3  4  5  6  7  8  9 10 11 |
---------------+----------------------------------+-----
Fighting       | 3 4 5 6 |  6.2
Unarmed Combat | 4 5 6 7 9 11 12 | 12.8
Hexes          | 1 2 3 4 |  4.6
Spellcasting   | 1 2 3 4 |  4.2
Evocations     | 1 |  1.0
Dodging        | |  2.4
Stealth        | |  1.0

Action                   |  1- 3 |  4- 6 |  7- 9 | 10-12 || total
-------------------------+-------+-------+-------+-------++-------
Melee: Unarmed           |   104 |   123 |   281 |   272 ||   780
       Punch             |     1 |     4 |    12 |    10 ||    27
Throw: Stone             |       |       |       |     2 ||     2
 Cast: Confusing Touch   |       |       |     2 |     1 ||     3
Invok: Sacrifice Love    |       |       |     1 |       ||     1
       Reject Sacrifices |       |       |     1 |       ||     1
Evoke: Wand              |       |       |     1 |     2 ||     3
  Use: Potion            |       |     7 |       |     1 ||     8
       Scroll            |       |       |     5 |     3 ||     8
 Stab: Sleeping          |     5 |     3 |     3 |     2 ||    13
       Distracted        |       |       |     1 |     1 ||     2
       Confused          |       |       |       |     1 ||     1
  Eat: Chunk             |    16 |    12 |    36 |    39 ||   103
Armor: Robe              |    32 |    35 |    68 |    62 ||   197
       Skin              |       |    10 |    24 |       ||    34
Dodge: Dodged            |    47 |    79 |   115 |   112 ||   353
